 Dungeon Crawl Stone Soup version 0.29-a0-82-g837932c90e (webtiles) character file.

Game seed: 265376457359535767

56 timneilson the Covered (level 3, 0/23 HPs)
             Began as a Gargoyle Fighter on Feb 5, 2022.
             Slain by Pikel (1 damage)
             ... while paralysed by Pikel
             ... on level 4 of the Dungeon.
             The game lasted 00:03:08 (2276 turns).

timneilson the Covered (Gargoyle Fighter)           Turns: 2276, Time: 00:03:09

Health: 0/23       AC: 12    Str: 21    XL:     3   Next: 95%
Magic:  3/3        EV:  2    Int:  8    God:
Gold:   159        SH:  0    Dex:  9    Spells: 2/2 levels left

rFire   . . .      SeeInvis .   a - +1 long sword
rCold   . . .      Faith    .   c - +1 buckler
rNeg    + . .      Spirit   .   h - +0 chain mail
rPois   ∞          Reflect  .   (no helmet)
rElec   +          Harm     .   (no cloak)
rCorr   .          Rampage  .   (no gloves)
Will    .....                   (no boots)
Stlth   ..........              (no amulet)
HPRegen 0.07/turn               (no ring)
MPRegen 0.08/turn               (no ring)

@: paralysed, mighty
A: sickness immunity, AC +3, negative energy resistance 1, electricity
resistance, torment resistance 1, petrification resistance
a: no special abilities


You were on level 4 of the Dungeon.
You visited 1 branch of the dungeon, and saw 4 of its levels.

You collected 159 gold pieces.

Inventory:

Hand Weapons
 a - a +1 long sword (weapon)
Armour
 c - a +1 buckler (worn)
 h - a +0 chain mail (worn)
Potions
 b - a potion of lignification
 e - a potion of curing
 f - a potion of mutation {unknown}
 j - a potion of berserk rage {unknown}


   Skills:
 + Level 3.6 Fighting
 * Level 2.3 Long Blades
 * Level 3.9 Armour
 + Level 0.5 Dodging
 * Level 3.8 Shields


You had 2 spell levels left.
You didn't know any spells.
Your spell library contained the following spells:

 Spells                   Type           Power      Damage    Failure   Level
 Animate Skeleton         Necr           0%         N/A       99%         1
 Apportation              Tloc           0%         N/A       99%         1
 Summon Small Mammal      Summ           0%         N/A       99%         1


Dungeon Overview and Level Annotations

Branches:
Dungeon (4/15)
 Temple: D:4-7

Altars:

Shops:
D:3 [

Annotations:
D:4 Pikel


Innate Abilities, Weirdness & Mutations

You are immune to sickness and miasma.
Your stone body is resilient. (AC +3)
You are immune to poison.
You resist negative energy. (rN+)
You are resistant to electric shocks. (rElec)
You are resistant to unholy torment.
You are immune to petrification.


Message History

You now have 159 gold pieces (gained 9).
Found a shiny buckler.
A lemure comes into view.
The lemure shouts!
You hear a shout!
A lemure comes into view.
The lemure moves out of view.
Pikel, Merchant of Souls comes into view.
He is wielding a +1 whip of flaming and carrying a wand of paralysis (10).
Unknown command.
You feel very mighty all of a sudden.
Pikel shouts!
The lemure shouts!
You hear a shout! x2
A lemure comes into view.
The lemure hits you but does no damage.
You slash the lemure!
The lemure is heavily wounded.
A lemure comes into view.
The lemure hits you.
You closely miss Pikel. You hit Pikel.
Pikel is lightly wounded.
Pikel hits you with a +1 whip of flaming.
Pikel burns you. Pikel closely misses you.
You barely miss Pikel.
Pikel is lightly wounded.
Pikel zaps a wand.
You resist with significant effort.
You closely miss Pikel.
Pikel is lightly wounded.
Pikel hits you with a +1 whip of flaming.
Pikel burns you.
You slash Pikel!
Pikel is moderately wounded.
Pikel zaps a wand.
You suddenly lose the ability to move!
Pikel hits you with a +1 whip of flaming.
* * * LOW HITPOINT WARNING * * *
Pikel burns you.
* * * LOW HITPOINT WARNING * * *
Pikel hits you but does no damage.
Pikel hits you with a +1 whip of flaming.
* * * LOW HITPOINT WARNING * * *
Pikel burns you.
You die... ##### #.... ... 555

#5# #K#
#@# #.#
#.# #.#
#.# ..#
#. #.#
#.. ..
#.#
...###.#
#.#
#...#..
#.#
#.#.#.#
.


You could see Pikel and 4 lemures.

Vanquished Creatures
  A dart slug (D:3)
  A worm (D:2)
  An orc (D:3)
  2 endoplasms (D:1)
  A giant cockroach (D:1)
  4 goblins
  3 hobgoblins
  3 jackals (D:1)
  6 kobolds
  10 ball pythons
  3 bats (D:1)
  7 frilled lizards
  5 rats
47 creatures vanquished.

Notes
Turn   | Place    | Note
-------+----------+-------------------------------------------
     0 | D:1      | timneilson the Gargoyle Fighter began the quest for the
                  | Orb.
     0 | D:1      | Reached XP level 1. HP: 14/14 MP: 1/1
    64 | D:1      | Reached XP level 2. HP: 9/19 MP: 2/2
   624 | D:1      | Reached XP level 3. HP: 23/23 MP: 3/3
  1884 | D:3      | Found Xiuseaxo's Antique Armour Shop.
  2079 | D:3      | Found a faded altar of an unknown god.
  2264 | D:4      | Noticed a lemure
  2264 | D:4      | Noticed a lemure
  2265 | D:4      | Noticed Pikel
  2266 | D:4      | Noticed a lemure
  2269 | D:4      | Noticed a lemure
  2274 | D:4      | Paralysed by Pikel for 4 turns
  2276 | D:4      | HP: 1/23 [Pikel (3)]
  2276 | D:4      | Slain by Pikel

Illustrated notes

Levels and vault maps discovered:
D:1:      doesnt_arrival_eight_statues, layout_loops_cross, minmay_pentomino_v4
D:2:      layout_rooms
D:3:      layout_basic, chequers_ecumenical_altar_simple, serial_shops,
          nicolae_square_shop, kennysheep_big_empty_room
D:4:      layout_rooms, mainiacjoe_overflow_alcove_1, nicolae_alphabet_shops,
          uniq_pikel

Skill      XL: |  1 |
---------------+----+-----
Long Blades    | 2 |  2.3
Fighting       | |  3.6
Armour         | |  3.9
Dodging        | |  0.5
Shields        | |  3.8

Action                   || total
-------------------------++-------
Melee: Long sword        ||   181
  Use: Scroll            ||     7
       Potion            ||     1
Armor: Scale mail        ||    48
       Chain mail        ||    80
Dodge: Dodged            ||    94
Block: Buckler           ||    43

Table legend: (Time is in decaauts)
 A = Elapsed time spent in this place.
 B = Non-inter-level travel time spent in this place.
 C = Inter-level travel time spent in this place.
 D = Time resting spent in this place.
 E = Time spent auto-exploring this place.
 F = Levels seen in this place.
 G = Mean time per level.
                   A        B        C        D        E       F      G
               +--------+--------+--------+--------+--------+-----+--------+
         Total |   2336 |   2291 |     45 |     20 |   1762 |   4 |  584.0 |
       Dungeon |   2336 |   2291 |     45 |     20 |   1762 |   4 |  584.0 |
               +--------+--------+--------+--------+--------+-----+--------+

Top non-repeatable levels by time:
     D:1: 1184 daAuts
     D:3: 605 daAuts
     D:2: 496 daAuts
     D:4: 49 daAuts
